 Dungeon Crawl Stone Soup version 0.30-a0-879-ga8ba668304 (webtiles) character file.

Game seed: 18260945237858306935

70 AtlasWard the Trooper (level 4, 0/49 HPs)
             Began as an Ogre Cinder Acolyte on Mar 12, 2023.
             Was a High Priest of Ignis.
             Succumbed to an adder's poison
             ... on level 2 of the Dungeon.
             The game lasted 00:01:49 (956 turns).

AtlasWard the Trooper (Ogre Cinder Acolyte)          Turns: 956, Time: 00:01:50

Health: 0/49       AC:  7    Str: 20    XL:     4   Next: 21%
Magic:  5/7        EV:  9    Int: 15    God:    Ignis [*****.]
Gold:   25         SH:  0    Dex:  4    Spells: 7/7 levels left

rFire   + . .      SeeInvis .    b - +0 whip
rCold   . . .      Faith    .    (no shield)
rNeg    . . .      Spirit   .    d - +0 robe
rPois   .          Reflect  .    (helmet restricted)
rElec   .          Rampage  .    (no cloak)
rCorr   .                        (gloves unavailable)
Will    .....                    (boots unavailable)
Stlth   +                        (no amulet)
HPRegen 0.28/turn                e - +4 ring of protection
MPRegen 0.10/turn                (no ring)

@: lethally poisoned (0 -> -3), flying
A: large, unfitting armour, tough skin 1
a: Renounce Religion, Fiery Armour, Foxfire Swarm, Rising Flame


You were on level 2 of the Dungeon.
You worshipped Ignis.
Ignis was extremely pleased with you.
You visited 1 branch of the dungeon, and saw 2 of its levels.

You collected 25 gold pieces.

Inventory:

Hand Weapons
 a - a -1 mace of flaming
 b - a +0 whip (weapon)
Missiles
 h - 7 poisoned darts (quivered)
Armour
 d - a +0 robe (worn)
Jewellery
 e - a +4 ring of protection (left hand)
 f - a ring of willpower
Scrolls
 c - a scroll of amnesia {unknown}


   Skills:
 + Level 4.6 Fighting
 * Level 3.5 Maces & Flails
 - Level 2.0 Spellcasting
 + Level 3.2 Fire Magic


You had 7 spell levels left.
You didn't know any spells.
Your spell library contained the following spells:

 Spells                   Type           Power      Damage    Failure   Level
 Scorch                   Fire           22%        2d6       9%          2
 Beastly Appendage        Tmut           2%         N/A       22%         1
 Wereblood                Tmut           1%         N/A       32%         2
 Spider Form              Tmut/Pois      1%         N/A       54%         3
 Freezing Cloud           Conj/Ice/Air   0%         6-21      99%         5
 Simulacrum               Ice/Necr       0%         N/A       100%        6
 Polar Vortex             Ice            0%         N/A       100%        9


Dungeon Overview and Level Annotations

Branches:
Dungeon (2/15)

Altars:


Innate Abilities, Weirdness & Mutations

You are too large for most types of armour.
You have tough skin. (AC +1)


Message History

Unknown command.
You hit the adder but do no damage.
The adder is almost dead.
You feel sick. The adder bites you.
* * * LOW HITPOINT WARNING * * *
You are lethally poisoned!
The adder poisons you!
Unknown command.
Unknown command.
Unknown command.
You hit the adder but do no damage.
The adder is almost dead.
* * * LOW HITPOINT WARNING * * *
You feel sick. The adder bites you but does no damage.
A kobold comes into view. It is wielding a +0 club.
Unknown command.
Unknown command.
Unknown command.
You miss the adder.
The adder is almost dead.
* * * LOW HITPOINT WARNING * * *
You feel sick.
The kobold shouts!
The adder closely misses you.
Unknown command.
Unknown command.
Unknown command.
It was a potion of flight.
You feel very buoyant.
You fly up into the air.
* * * LOW HITPOINT WARNING * * *
You feel sick. The adder barely misses you. x2
You hit the adder but do no damage.
The adder is almost dead.
* * * LOW HITPOINT WARNING * * *
You feel sick. The adder bites you but does no damage.
You closely miss the adder.
The adder is almost dead.
You are no longer corroded.
You die...

# ####################.#
..........).........>###
#####....#######..!...<#
## #....# #.#.#.### <#
###### #.#.# # ## #†#.#
#@#.# #S#.# .K#S# .....#
#.### .. ... ###


You could see an adder and a kobold.

Vanquished Creatures
  A jelly (D:2)
  A dart slug (D:1)
  5 ball pythons
  An endoplasm (D:1)
  2 goblins
  5 hobgoblins (D:1)
  2 jackals (D:1)
  5 kobolds (D:1)
  3 quokkas (D:1)
  2 bats (D:1)
  3 frilled lizards
  6 rats (D:1)
36 creatures vanquished.

Vanquished Creatures (others)
  3 foxfires (D:2)
3 creatures vanquished.

Grand Total: 39 creatures vanquished

Notes
Turn   | Place    | Note
-------+----------+-------------------------------------------
     0 | D:1      | AtlasWard the Ogre Cinder Acolyte began the quest for the
                  | Orb.
     0 | D:1      | Reached XP level 1. HP: 24/24 MP: 2/2
   145 | D:1      | Reached XP level 2. HP: 13/32 MP: 4/4
   435 | D:1      | Reached XP level 3. HP: 36/40 MP: 5/5
   949 | D:2      | Reached XP level 4. HP: 12/49 MP: 5/7
   954 | D:2      | HP: 2/49 [poisoned by an adder]
   956 | D:2      | Succumbed to an adder's poison

Illustrated notes

Levels and vault maps discovered:
D:1:      dpeg_arrival_tiny_a, layout_loops_ring
D:2:      layout_basic, ebering_ecumenical_altar_webs

Skill      XL: |  1  2  3 |
---------------+----------+-----
Maces & Flails | 3 |  3.5
Fire Magic     | 3 |  3.2
Spellcasting   | 2 |  2.0
Fighting       | |  4.6

Action                     |  1- 3 |  4- 6 || total
---------------------------+-------+-------++-------
  Melee: Mace              |    24 |       ||    24
         Whip              |   108 |     6 ||   114
         Punch             |     1 |       ||     1
 Invoke: Foxfire Swarm     |       |     1 ||     1
    Use: Potion            |       |     1 ||     1
 Armour: Robe              |    59 |     2 ||    61
  Dodge: Dodged            |    67 |     4 ||    71

Table legend: (Time is in decaauts)
 A = Elapsed time spent in this place.
 B = Non-inter-level travel time spent in this place.
 C = Inter-level travel time spent in this place.
 D = Time resting spent in this place.
 E = Time spent auto-exploring this place.
 F = Levels seen in this place.
 G = Mean time per level.
                   A        B        C        D        E       F      G
               +--------+--------+--------+--------+--------+-----+--------+
         Total |    954 |    852 |    102 |      0 |    619 |   2 |  477.0 |
       Dungeon |    954 |    852 |    102 |      0 |    619 |   2 |  477.0 |
               +--------+--------+--------+--------+--------+-----+--------+

Top non-repeatable levels by time:
     D:1: 906 daAuts
     D:2: 47 daAuts
